 Dungeon Crawl Stone Soup version 0.17-a0-1636-g3119f2b (webtiles) character file.

873582 ololoev the Bringer of Light (level 27, -3/283 HPs)
             Began as a White Draconian Chaos Knight on Aug 4, 2015.
             Was the Champion of the Shining One.
             Slain by a golden dragon (10 damage)
             ... on level 18 of a ziggurat on Aug 6, 2015.
             The game lasted 07:35:52 (92266 turns).

ololoev the Bringer of Light (DrCK)                Turns: 92266, Time: 07:35:53

Health: -3/283     AC: 23    Str: 21    XL:     27
Magic:  38/42      EV: 18    Int: 17    God:    the Shining One [******]
Gold:   6888       SH: 18    Dex: 30    Spells: 6 memorised, 27 levels left

rFire  + + +     SeeInvis +     a - +9 executioner's axe (holy)
rCold  + + +     Clarity  +     (armour unavailable)
rNeg   + + +     SustAt   .     (no shield)
rPois  +         Gourm    .     H - +0 mask of the Dragon {MR+ Slay+3 SInv}
rElec  +         Spirit   .     G - +0 cloak of the Vestibule of Hell {*Confuse rF+ rC+ Int+4}
rCorr  +         Warding  .     x - +2 pair of gloves {Dex+3}
rMut   .         Stasis   .     U - +1 pair of boots of Greed {rC+ Str+3 Dex-2 SInv}
MR     ++++.                    w - amulet "Luhunnam" {Clar *Drain Int+3 Dex+4 Slay+3}
Stlth  +.........               P - ring "Zelacups" {Fire +Blink MR+}
                                X - ring of Robustness {AC+8}

@: divine shield, resistant, grasped by roots, corroded equipment, very slightly
contaminated, glowing, constricted, very slow, incredibly resistant to hostile
enchantments, very unstealthy
A: breathe frost, unfitting armour, beak, talons 1, agile 1, cold resistance 1,
deterioration 1, fire resistance 1, sense surroundings 2, poison resistance,
regeneration 2, robust 2, wild magic 1, cold-blooded, AC +13
a: Breathe Frost, Divine Shield, Cleansing Flame, Summon Divine Warrior,
Renounce Religion, Evoke Blink
}: 7/15 runes: decaying, serpentine, slimy, silver, golden, abyssal, demonic


Innate Abilities, Weirdness & Mutations

You can breathe waves of freezing cold.
You can buffet flying creatures when you breathe cold.
Your icy white scales are hard (AC +13).
Your body does not fit into most forms of armour.
Your flesh is cold resistant.
You are cold-blooded and may be slowed by cold attacks.
You have a beak for a mouth.
You have sharp toenails.
You are agile. (Dex +2)
Your body sometimes deteriorates upon taking damage.
Your flesh is heat resistant.
You passively map the area around you.
Your system is resistant to poisons.
You heal very quickly.
You are very robust (+20% HP).
Your spells are a little harder to cast, but a little more powerful.

Inventory:

Hand weapons
 a - a +9 executioner's axe of holy wrath (weapon)
 b - a +6 blowgun
Missiles
 h - 7 needles of confusion
 F - 4 needles of paralysis
Armour
 x - a +2 pair of gloves of dexterity (worn)
 G - the +0 cloak of the Vestibule of Hell (worn) {*Confuse rF+ rC+ Int+4}
   (You found it on level 3 of the Tomb of the Ancients)

   It affects your intelligence (+4).
   It protects you from fire.
   It protects you from cold.
   It may confuse you when you take damage.
 H - the +0 mask of the Dragon (worn) {MR+ Slay+3 SInv}
   (You found it on level 3 of the Crypt)

   It affects your accuracy and damage with ranged weapons and melee attacks
   (+3).
   It affects your resistance to hostile enchantments.
   It lets you see invisible.
 U - the +1 pair of boots of Greed (worn) {rC+ Str+3 Dex-2 SInv}
   (You bought it in a shop on level 1 of the Elven Halls)

   It affects your strength (+3).
   It affects your dexterity (-2).
   It protects you from cold.
   It lets you see invisible.
Jewellery
 f - the ring of Shaolin {EV+8}
   (You bought it in a shop on level 5 of the Vaults)

   [ring of evasion]

   It affects your evasion (+8).
 k - an uncursed ring of teleportation
 w - the amulet "Luhunnam" (around neck) {Clar *Drain Int+3 Dex+4 Slay+3}
   (You found it on level 1 of the Elven Halls)

   [amulet of clarity]

   It provides mental clarity.
   It affects your intelligence (+3).
   It affects your dexterity (+4).
   It affects your accuracy and damage with ranged weapons and melee attacks
   (+3).
   It causes draining when unequipped.
 P - the ring "Zelacups" (right hand) {Fire +Blink MR+}
   (You found it on level 14 of a ziggurat)

   [ring of fire]

   It enhances your fire magic, and weakens your ice magic.
   It protects you from fire.
   It makes you vulnerable to cold.
   It affects your resistance to hostile enchantments.
   It lets you blink.
 X - the ring of Robustness (left hand) {AC+8}
   (You found it on level 9 of a ziggurat)

   [ring of protection]

   It affects your AC (+8).
Magical devices
 o - a wand of heal wounds (6)
 M - a wand of disintegration (9)
 R - a wand of teleportation (5)
 T - a wand of digging (4)
Scrolls
 c - 7 scrolls of magic mapping
 e - 15 scrolls of teleportation
 j - 7 scrolls of blinking
 m - 10 scrolls of recharging
 t - 29 scrolls of remove curse
 y - 6 scrolls of identify
 I - 4 scrolls of summoning
 N - 4 scrolls of fog
Potions
 d - 19 potions of curing
 g - 5 potions of resistance
 i - 7 potions of flight
 p - 2 potions of haste
 A - 7 potions of berserk rage
 C - 5 potions of cure mutation
 D - 5 potions of brilliance
 J - 7 potions of might
 K - 6 potions of magic
 Q - 3 potions of heal wounds
 S - 2 potions of agility
Miscellaneous
 l - a lamp of fire (inert)
 n - a stone of tremors
 r - an ornate deck of escape {drawn: 1}
 u - a fan of gales
 L - a phial of floods
 O - an ornate deck of escape {Solitude, drawn: 5}
Comestibles
 v - 13 royal jellies
 B - 8 bread rations


   Skills:
 - Level 17.3 Fighting
 - Level 26.1(26.3) Axes
   Level 5.7(20.2) Maces & Flails
   Level 13.8(14.2) Staves
 * Level 16.8 Throwing
 - Level 16.1 Dodging
 + Level 15.2 Spellcasting
 - Level 4.5 Hexes
 - Level 4.4 Charms
   Level 0.0 Summonings
 - Level 10.6 Translocations
 * Level 15.8 Air Magic
 O Level 27 Invocations
 - Level 11.8 Evocations


You had 27 spell levels left.
You knew the following spells:

 Your Spells              Type           Power        Failure   Level  Hunger
a - Apportation           Tloc           ######....   1%          1    None
b - Blink                 Tloc           N/A          1%          2    None
c - Phase Shift           Tloc           ######....   5%          5    ####...
d - Tornado               Air            #######...   100%        9    #######
e - Shatter               Erth           ###.......   100%        9    #######
f - Spectral Weapon       Hex/Chrm       #####...     7%          3    None


You were on level 18 of a ziggurat.
You worshipped the Shining One.
The Shining One was exalted by your worship.
You were not hungry.

You visited 12 branches of the dungeon, and saw 61 of its levels.
You visited Pandemonium 1 time, and saw 9 of its levels.
You visited the Abyss 2 times.
You visited 1 ziggurat, and saw 18 of its levels.
You also visited: Sewer, Ossuary, Ice Cave, Volcano and Wizlab.

You collected 17361 gold pieces.
You spent 8681 gold pieces at shops.
You donated 1542 gold pieces to Zin.

▓▓▓▓▓▓▓▓▓▓▓▓
▓...........▓▓
.............▓▓ *
..............▓▓
......§.§......▓▓ *
,....§§§k........▓▓ ,
....tDfD2........▓▓
,,
...X2XtfDD†.......▓▓
>,
,..nwPtX@DD.ut....∩.▓
*
...§PDPXXk........▓▓
*,
§...§.DJD........▓▓
§.E.E§wf........▓▓
§§.§§......t...▓▓ *
..§.§.........▓▓
.§.§.........▓▓
▓...........▓▓ * *

Notes
Turn   | Place    | Note
--------------------------------------------------------------
     0 | D:1      | ololoev the Draconian Chaos Knight began the quest for the Orb.
     0 | D:1      | Reached XP level 1. HP: 19/19 MP: 1/1
   376 | D:1      | Reached XP level 2. HP: 21/26 MP: 2/2
   390 | D:1      | XOM: harmless Pois miscast
   427 | D:1      | Found a glowing golden altar of the Shining One.
   791 | D:1      | XOM: silly message
   981 | D:2      | Found a basalt altar of Yredelemnul.
   981 | D:2      | XOM: 3-stop teleportation journey
   982 | D:2      | Noticed a profane servitor
   993 | D:2      | Found an iron altar of Okawaru.
   996 | D:2      | XOM: noise
  1000 | D:2      | Found a glowing golden altar of the Shining One.
  1002 | D:2      | Noticed an angel
  1016 | D:2      | Reached XP level 3. HP: 31/31 MP: 3/3
  1093 | D:2      | Noticed Terence
  1099 | D:2      | Killed Terence
  1340 | D:2      | Found a faded altar to an unknown god.
  1495 | D:2      | XOM: medium Erth miscast
  1623 | D:2      | XOM: divination: detect creatures
  1638 | D:2      | Reached XP level 4. HP: 40/40 MP: 4/4
  1650 | D:2      | XOM: enchant monster (good)
  1652 | D:2      | Reached skill level 4 in Fighting
  1946 | D:2      | Found a white marble altar of Elyvilon.
  2027 | D:2      | Noticed Crazy Yiuf
  2033 | D:2      | Killed Crazy Yiuf
  2072 | D:2      | XOM: give mutation
  2072 | D:2      | Gained mutation: You are frail (-10% HP). [Xom's mischief]
  2366 | D:2      | XOM: noise
  2478 | D:3      | Reached XP level 5. HP: 41/41 MP: 5/5
  2487 | D:3      | Found a shadowy altar of Dithmenos.
  2489 | D:3      | Noticed Jessica
  2490 | D:3      | Noticed Robin
  2497 | D:3      | XOM: blink monster(s)
  2499 | D:3      | XOM: chaos cloud
  2505 | D:3      | Noticed Jessica
  2505 | D:3      | Jessica changed into Jessica the jackal
  2511 | D:3      | Noticed a boggart
  2511 | D:3      | an ooze changed into a boggart
  2516 | D:2      | Killed Jessica the jackal
  2641 | D:3      | a boggart changed into a sheep
  2807 | D:2      | Noticed a swamp drake
  2807 | D:2      | a sheep changed into a swamp drake
  2813 | D:2      | Noticed a centaur
  2813 | D:2      | a swamp drake changed into a centaur
  2813 | D:2      | a centaur changed into an ooze
  2824 | D:2      | Gained mutation: You are clumsy. (Dex -2) [mutagenic meat]
  2825 | D:2      | Gained mutation: Your magical capacity is low (-10% MP). [mutagenic meat]
  2826 | D:2      | Gained mutation: Your body sometimes deteriorates upon taking damage. [mutagenic meat]
  2827 | D:2      | Gained mutation: You tend to lose your temper in combat. [mutagenic meat]
  2879 | D:3      | Reached skill level 1 in Staves
  2882 | D:3      | XOM: potion effect (invisibility)
  2899 | D:3      | Killed Robin
  3153 | D:3      | XOM: divination: detect items
  3326 | D:3      | Reached XP level 6. HP: 24/47 MP: 5/5
  3902 | D:4      | Found a sand-covered staircase.
  3917 | Ossuary  | Entered an ossuary
  4101 | Ossuary  | XOM: harmless Pois miscast
  4179 | Ossuary  | XOM: harmless Erth miscast
  4191 | Ossuary  | Reached skill level 5 in Fighting
  4212 | Ossuary  | XOM: harmless Trmt miscast
  4239 | Ossuary  | XOM: harmless Summ miscast
  4263 | Ossuary  | XOM: confuse monster(s)
  4308 | Ossuary  | Your scales start taking on an icy white colour.
  4308 | Ossuary  | Gained mutation: Your flesh is cold resistant. [White Draconian growth]
  4308 | Ossuary  | Reached XP level 7. HP: 46/54 MP: 6/6
  4360 | Ossuary  | XOM: divination: magic mapping
  4422 | D:4      | Lost mutation: You are frail (-10% HP). [potion of mutation]
  4422 | D:4      | Gained mutation: You are somewhat resistant to further mutation. [potion of mutation]
  4423 | D:4      | Gained mutation: You are robust (+10% HP). [potion of beneficial mutation]
  4548 | D:4      | XOM: god gift: scroll labeled ROITIHE VUBLESM
  4806 | D:4      | XOM: 3-stop teleportation journey
  4841 | D:4      | XOM: mild Hex miscast
  5088 | D:4      | XOM: divination: detect creatures
  5373 | D:4      | XOM: give mutations
  5373 | D:4      | Gained mutation: Your natural rate of healing is unusually fast. [Xom's grace]
  5373 | D:4      | Gained mutation: You are very robust (+20% HP). [Xom's grace]
  5373 | D:4      | Gained mutation: Your tail ends in a poisonous barb. [Xom's grace]
  5373 | D:4      | Gained mutation: You are extremely robust (+30% HP). [Xom's grace]
  5406 | D:4      | XOM: god gift: club {god gift}
  5715 | D:4      | XOM: summons 3 hostile shadow creatures
  5818 | D:5      | Entered Level 5 of the Dungeon
  5818 | D:5      | Noticed Prince Ribbit
  5821 | D:5      | XOM: cast spell 'Summon Ice Beast'
  5838 | D:5      | XOM: medium Chrm miscast
  5954 | D:5      | XOM: vitrification
  5969 | D:5      | XOM: smoke on damage
  5989 | D:5      | Killed Prince Ribbit
  5989 | D:5      | Reached skill level 6 in Fighting
  5989 | D:5      | Reached skill level 5 in Staves
  5989 | D:5      | Reached XP level 8. HP: 64/91 MP: 7/7
  6001 | D:5      | Reached skill level 5 in Dodging
  6291 | D:5      | Found a bloodstained altar of Trog.
  6291 | D:5      | XOM: cast spell 'Blink'
  6700 | D:6      | Found a glowing drain.
  6704 | Sewer    | Entered a sewer
  6797 | Sewer    | Found a white marble altar of Elyvilon.
  7151 | D:6      | Noticed Menkaure
  7152 | D:6      | XOM: confusion (+ monsters)
  7154 | D:6      | Killed Menkaure
  7154 | D:6      | Reached skill level 7 in Fighting
  7155 | D:6      | XOM: harmless Hex miscast
  7217 | D:6      | XOM: harmless Summ miscast
  7397 | D:6      | XOM: mild Summ miscast
  7404 | D:7      | Found a staircase to the Ecumenical Temple.
  7406 | D:7      | XOM: summons 4 hostile demons
  7430 | Temple   | Entered the Ecumenical Temple
  7432 | Temple   | XOM: mild Pois miscast
  7570 | D:7      | XOM: fog
  7574 | D:7      | Reached XP level 9. HP: 93/102 MP: 8/8
  7671 | D:7      | Reached skill level 1 in Evocations
  7685 | D:7      | XOM: mild Fire miscast
  7891 | D:7      | XOM: enchant monster (good)
  7987 | D:7      | Reached skill level 8 in Staves
  8135 | D:7      | XOM: confuse monster(s)
  8171 | D:7      | XOM: mild Hex miscast
  8205 | D:7      | Found a snail-covered altar of Cheibriados.
  8228 | D:7      | XOM: divination: detect creatures
  8292 | D:7      | XOM: god gift: phantom mirror
  8390 | D:7      | XOM: cast spell 'Summon Butterflies'
  8405 | D:7      | Found a shimmering altar of Xom.
  8471 | D:8      | XOM: 1-stop teleportation journey
  8473 | D:8      | XOM: summons 2 friendly demons
  8564 | D:8      | Found an opulent altar of Gozag.
  8565 | D:8      | Found a sparkling altar of Nemelex Xobeh.
  8652 | D:8      | Found Citett's Book Boutique.
  8655 | D:8      | Noticed asdu's ghost (experienced CeBe)
  8655 | D:8      | XOM: god gift: ornate deck of cards {god gift}
  8657 | D:8      | Noticed a purple ugly thing
  8657 | D:8      | XOM: swap monsters
  8660 | D:8      | XOM: summons 4 friendly demons
  8664 | D:8      | Killed asdu's ghost
  8664 | D:8      | Reached skill level 9 in Staves
  8668 | D:8      | Killed a purple ugly thing
  8828 | D:8      | XOM: give mutation
  8828 | D:8      | Gained mutation: You passively map a small area around you. [Xom's grace]
  8930 | D:8      | XOM: 2-stop teleportation journey
  9065 | D:8      | XOM: god gift: scroll of silence
  9102 | D:8      | XOM: god gift: glowing bardiche {god gift}
  9104 | D:8      | Noticed Gastronok
  9110 | D:8      | XOM: summons 9 friendly demons
  9120 | D:8      | Killed Gastronok
  9120 | D:8      | Reached skill level 10 in Staves
  9120 | D:8      | Reached XP level 10. HP: 95/110 MP: 10/11
  9186 | D:8      | XOM: medium Tloc miscast
  9188 | D:8      | XOM: confuse monster(s)
  9444 | D:9      | Found Emig Dui's Assorted Antiques.
  9452 | D:9      | Bought a murky brown potion for 15 gold pieces
  9452 | D:9      | Bought a scroll labeled SESTOF GUNOOTT for 17 gold pieces
  9452 | D:9      | Bought a scroll of identify for 34 gold pieces
  9576 | D:9      | XOM: polymorph quokka -> giant cockroach
  9585 | D:9      | Gained mutation: Your magical capacity is very low (-20% MP). [potion of mutation]
  9625 | D:9      | XOM: enchant monster (good)
  9627 | D:9      | Noticed Pikel
  9629 | D:9      | XOM: divine lightning (protected)
  9640 | D:9      | Killed Pikel
  9640 | D:9      | Reached skill level 5 in Evocations
  9641 | D:9      | XOM: divination: detect items
  9642 | D:9      | Noticed a lindwurm
  9664 | D:9      | XOM: destruction
  9667 | D:9      | XOM: enchant monster (good)
  9671 | D:9      | Noticed a lindwurm
  9671 | D:9      | XOM: polymorph crimson imp -> iron imp
  9682 | D:9      | XOM: enchant monster (bad)
  9782 | D:9      | Found a staircase to the Orcish Mines.
  9805 | D:9      | XOM: mild Erth miscast
  9823 | D:9      | Noticed a lindwurm
  9829 | D:9      | Noticed a lindwurm
  9835 | D:9      | XOM: summons 6 friendly demons
  9845 | D:9      | XOM: medium Ice miscast
  9847 | D:9      | XOM: blink monster(s)
  9848 | D:9      | XOM: noise
  9851 | D:9      | XOM: summons 8 friendly demons
  9856 | D:9      | XOM: enchant monster (bad)
  9858 | D:9      | XOM: summons friendly ufetubus
  9861 | D:9      | Killed a lindwurm
  9874 | D:9      | XOM: noise
  9878 | D:9      | Killed a lindwurm
  9878 | D:9      | Reached skill level 11 in Staves
 10229 | D:9      | Noticed a purple ugly thing
 10240 | D:9      | Killed a purple ugly thing
 10304 | D:9      | XOM: blink monster(s)
 10319 | D:9      | Killed a lindwurm
 10327 | D:9      | Killed a lindwurm
 10415 | D:9      | XOM: mild Summ miscast
 10574 | D:9      | XOM: god gift: 19 gold pieces
 10679 | D:9      | Found a deep blue altar of Sif Muna.
 10723 | D:9      | Reached XP level 11. HP: 119/119 MP: 12/12
 10870 | D:10     | Entered Level 10 of the Dungeon
 11095 | D:10     | XOM: 2-stop teleportation journey
 11132 | D:10     | XOM: torment (66/119 hp)
 11177 | D:10     | Noticed a hill giant
 11179 | D:10     | XOM: give mutations
 11179 | D:10     | Lost mutation: Your body sometimes deteriorates upon taking damage. [Xom's mischief]
 11179 | D:10     | Lost mutation: Your magical capacity is very low (-20% MP). [Xom's mischief]
 11179 | D:10     | Lost mutation: You are clumsy. (Dex -2) [Xom's mischief]
 11349 | D:10     | Noticed a great orb of eyes
 11349 | D:10     | a hill giant changed into a great orb of eyes
 11349 | D:10     | XOM: polymorph hill giant -> great orb of eyes
 11369 | D:10     | Killed a great orb of eyes
 11476 | D:10     | XOM: harmless Chrm miscast
 11485 | D:10     | Killed an unseen horror
 11646 | D:10     | XOM: summons 3 hostile demons
 11726 | D:10     | XOM: summons friendly iron imp
 12003 | D:11     | Noticed Maud
 12015 | D:11     | XOM: enchant monster (good)
 12031 | D:11     | Reached skill level 12 in Staves
 12047 | D:11     | XOM: summons 4 friendly demons
 12054 | D:11     | XOM: noise
 12061 | D:11     | Killed Maud
 12164 | D:11     | XOM: enchant monster (bad)
 12237 | D:11     | Found an opulent altar of Gozag.
 12350 | D:11     | Found a staircase to the Lair.
 12389 | D:11     | Noticed a centaur warrior
 12395 | D:11     | XOM: blink monster(s)
 12400 | D:11     | XOM: stat loss: -1 Dex (13/14)
 12406 | D:11     | Killed a centaur warrior
 12406 | D:11     | XOM: 5-stop teleportation journey
 12414 | D:11     | XOM: enchant monster (bad)
 12563 | D:11     | XOM: 1-stop teleportation journey
 12644 | D:11     | XOM: draining
 12729 | D:11     | XOM: mild Summ miscast
 12732 | D:11     | Noticed 4thArraOfDagon's ghost (experienced HOAK)
 12746 | D:11     | Killed 4thArraOfDagon's ghost
 12807 | D:11     | XOM: vitrification
 12938 | D:12     | XOM: confuse monster(s)
 13017 | D:12     | Noticed a hill giant
 13022 | D:12     | XOM: confuse monster(s)
 13027 | D:12     | XOM: confuse monster(s)
 13031 | D:12     | Killed a hill giant
 13132 | D:12     | Noticed a hill giant
 13137 | D:12     | Reached skill level 13 in Staves
 13171 | D:12     | Killed a hill giant
 13173 | D:12     | Reached XP level 12. HP: 125/130 MP: 16/16
 13195 | D:12     | Noticed a hill giant
 13205 | D:12     | Killed a hill giant
 13256 | D:12     | Noticed Nergalle
 13264 | D:12     | XOM: summons friendly iron imp
 13279 | D:12     | XOM: enchant monster (good)
 13280 | D:12     | Killed Nergalle
 13550 | D:12     | XOM: vitrification
 13637 | D:12     | Noticed a hill giant
 13645 | D:12     | Killed a hill giant
 13775 | D:12     | XOM: silly message
 13877 | D:12     | XOM: god gift: ring mail {god gift}
 13916 | D:12     | Gained mutation: Your system is resistant to poisons. [mutagenic meat]
 13917 | D:12     | Gained mutation: You have supernaturally acute eyesight. [mutagenic meat]
 14086 | D:13     | Noticed a centaur warrior
 14097 | D:13     | XOM: potion effect (curing)
 14098 | D:13     | Killed a centaur warrior
 14116 | D:13     | Found a frozen archway.
 14143 | IceCv    | Entered an ice cave
 14238 | IceCv    | XOM: swap monsters
 14251 | IceCv    | XOM: enchant monster (good)
 14253 | IceCv    | Reached skill level 10 in Dodging
 14338 | IceCv    | XOM: potion effect (might)
 14446 | IceCv    | XOM: summons 8 friendly demons
 14453 | IceCv    | XOM: smoke on damage
 14593 | IceCv    | XOM: vitrification
 14673 | IceCv    | XOM: enchant monster (good)
 14690 | IceCv    | XOM: summons 5 friendly demons
 14692 | IceCv    | XOM: divine lightning (protected)
 14906 | D:13     | Noticed a centaur warrior
 14937 | D:13     | XOM: fog
 14941 | D:13     | XOM: cast spell 'Olgreb's Toxic Radiance'
 14943 | D:13     | XOM: swap monsters
 14962 | D:13     | XOM: blink monster(s)
 14966 | D:13     | XOM: blink monster(s)
 14971 | D:13     | XOM: 2-stop teleportation journey
 14973 | D:13     | XOM: blink monster(s)
 14975 | D:13     | XOM: divine lightning (protected)
 14977 | D:13     | Noticed a fire dragon
 14977 | D:13     | a hill giant changed into a fire dragon
 14977 | D:13     | XOM: polymorph hill giant -> fire dragon
 14984 | D:14     | XOM: enchant monster (bad)
 15163 | D:13     | XOM: harmless Divn miscast
 15181 | D:13     | Killed a fire dragon
 15222 | D:13     | Found Dooqely's Armour Emporium.
 15223 | D:13     | Found Moidoc's Jewellery Shoppe.
 15228 | D:13     | XOM: give mutation
 15228 | D:13     | Lost mutation: You tend to lose your temper in combat. [Xom's mischief]
 15262 | D:13     | XOM: harmless Divn miscast
 15273 | D:13     | Bought a +1 cloak of invisibility for 214 gold pieces
 15322 | D:13     | XOM: potion effect (invisibility)
 15360 | D:13     | Killed a centaur warrior
 15379 | D:13     | Reached XP level 13. HP: 105/143 MP: 18/18
 15380 | D:13     | Noticed a centaur warrior
 15384 | D:13     | XOM: potion effect (berserk rage)
 15396 | D:13     | Killed a centaur warrior
 15399 | D:13     | XOM: silly message
 15666 | D:13     | Found Reclunyj's Assorted Antiques.
 15676 | D:13     | Bought a scroll labeled KUOB ZOTSOTUCU for 33 gold pieces
 15676 | D:13     | Bought a shiny bone ring for 165 gold pieces
 15878 | D:13     | Noticed a centaur warrior
 15882 | D:13     | Found Jueg's Magic Scroll Shoppe.
 15884 | D:13     | XOM: potion effect (might)
 15886 | D:13     | Killed a centaur warrior
 15886 | D:13     | Reached skill level 10 in Evocations
 15890 | D:13     | Bought a scroll of identify for 28 gold pieces
 15890 | D:13     | Bought a scroll of identify for 28 gold pieces
 15892 | D:13     | Bought a scroll of immolation for 49 gold pieces
 15895 | D:13     | Found Boegg's Magic Scroll Emporium.
 15900 | D:13     | Bought a scroll of holy word for 135 gold pieces
 15900 | D:13     | Bought a scroll of identify for 36 gold pieces
 15900 | D:13     | Bought a scroll of identify for 36 gold pieces
 15900 | D:13     | Bought a scroll of identify for 36 gold pieces
 15900 | D:13     | Bought 2 scrolls of identify for 72 gold pieces
 15900 | D:13     | Bought a scroll of immolation for 63 gold pieces
 15928 | D:13     | XOM: harmless Summ miscast
 16143 | D:14     | Noticed a centaur warrior
 16152 | D:14     | Killed a centaur warrior
 16171 | D:14     | XOM: harmless Ice miscast
 16202 | D:14     | Found a gate to the Vaults.
 16245 | D:14     | XOM: potion effect (invisibility)
 16255 | D:14     | XOM: harmless Air miscast
 16334 | D:14     | Noticed a five-headed hydra
 16349 | D:14     | Killed a five-headed hydra
 16549 | D:14     | XOM: harmless Pois miscast
 16559 | D:14     | XOM: mild Pois miscast
 16680 | D:14     | You fall through a shaft!
 16680 | D:15     | Entered Level 15 of the Dungeon
 16781 | D:15     | XOM: smoke on damage
 16782 | D:15     | XOM: enchant monster (bad)
 16786 | D:15     | XOM: harmless Pois miscast
 16793 | D:15     | XOM: polymorph titanic slime creature -> ice dragon
 16798 | D:15     | XOM: divination: detect items
 16806 | D:15     | XOM: cast spell 'Metabolic Englaciation'
 16812 | D:15     | XOM: potion effect (brilliance)
 16848 | D:15     | XOM: colour smoke trail
 17074 | D:15     | XOM: cast spell 'Blink'
 17170 | D:15     | XOM: divination: detect creatures
 17175 | D:15     | Reached skill level 5 in Maces & Flails
 17190 | D:15     | XOM: divination: detect creatures
 17207 | D:15     | XOM: 1-stop teleportation journey
 17210 | D:15     | Reached skill level 10 in Fighting
 17391 | D:15     | XOM: 10-stop teleportation journey
 17415 | D:15     | XOM: enchant monster (bad)
 17455 | D:15     | Found a staircase to the Depths.
 17512 | D:15     | XOM: harmless Summ miscast
 17703 | D:15     | XOM: harmless Chrm miscast
 17727 | D:15     | Reached skill level 1 in Throwing
 17824 | D:15     | XOM: potion effect (agility)
 17837 | D:15     | Found a sacrificial altar of Ru.
 17989 | D:15     | XOM: torment (83/148 hp)
 18829 | D:12     | XOM: vitrification
 18941 | D:14     | XOM: give mutation
 18941 | D:14     | Gained mutation: You are resistant to hostile enchantments. [Xom's grace]
 19022 | D:14     | XOM: god gift: hardcover book {god gift}
 19027 | D:14     | Learned a level 1 spell: Apportation
 19030 | D:14     | Learned a level 2 spell: Blink
 19392 | D:12     | Noticed a manticore
 19469 | Lair:1   | Entered Level 1 of the Lair of Beasts
 19559 | Lair:1   | XOM: 3-stop teleportation journey
 19570 | Lair:1   | XOM: enchant monster (good)
 19607 | Lair:1   | XOM: vitrification
 19672 | Lair:1   | Reached skill level 1 in Axes
 19692 | Lair:1   | Reached skill level 1 in Translocations
 19787 | Lair:1   | Reached XP level 14. HP: 158/158 MP: 20/20
 20012 | Lair:1   | XOM: 2-stop teleportation journey
 20029 | Lair:1   | XOM: divination: detect creatures
 20048 | Lair:1   | XOM: vitrification
 20058 | Lair:1   | XOM: vitrification
 20066 | Lair:1   | XOM: god gift: 26 gold pieces
 20217 | Lair:1   | XOM: god gift: meat ration
 20541 | Lair:2   | XOM: give mutation
 20541 | Lair:2   | Gained mutation: Your spells are a little harder to cast, but a little more powerful. [Xom's grace]
 21000 | Lair:2   | XOM: vitrification
 21019 | Lair:2   | XOM: god gift: 23 stones
 21108 | Lair:3   | XOM: vitrification
 21125 | Lair:3   | Found a staircase to the Snake Pit.
 21138 | Lair:3   | XOM is BORED!
 21138 | Lair:3   | XOM: medium Ice miscast
 21155 | Lair:3   | XOM: chaos cloud
 21293 | Lair:3   | XOM: give mutations
 21293 | Lair:3   | Lost mutation: Your tail ends in a poisonous barb. [Xom's mischief]
 21293 | Lair:3   | Lost mutation: You are extremely robust (+30% HP). [Xom's mischief]
 21431 | Lair:3   | XOM: confuse monster(s)
 21843 | Lair:3   | XOM: silly message
 21953 | Lair:4   | XOM: noise
 22114 | Lair:4   | XOM: give mutations
 22114 | Lair:4   | Lost mutation: You are resistant to hostile enchantments. [Xom's mischief]
 22114 | Lair:4   | Gained mutation: Your body sometimes deteriorates upon taking damage. [Xom's mischief]
 22114 | Lair:4   | Lost mutation: You have supernaturally acute eyesight. [Xom's mischief]
 22114 | Lair:4   | Lost mutation: You are very robust (+20% HP). [Xom's mischief]
 22125 | Lair:4   | Found a dark tunnel.
 22134 | Lair:4   | XOM: polymorph lindwurm -> snapping turtle
 22228 | Volcano  | Entered a volcano
 22315 | Volcano  | XOM: silly message
 22327 | Volcano  | XOM: confuse monster(s)
 22339 | Volcano  | XOM: summons 5 hostile shadow creatures
 22346 | Volcano  | Found a bloodstained altar of Trog.
 22377 | Volcano  | Reached skill level 5 in Throwing
 22585 | Volcano  | Found a bloodstained altar of Trog.
 22706 | Lair:4   | XOM: give mutation
 22706 | Lair:4   | Gained mutation: Scrolls take you a little longer to read. [Xom's mischief]
 22866 | Lair:4   | XOM: 2-stop teleportation journey
 22974 | Lair:4   | XOM: confusion (+ monsters)
 22982 | Lair:4   | XOM: enchant monster (bad)
 23066 | Lair:4   | XOM: 5-stop teleportation journey
 23110 | Lair:4   | XOM: enchant monster (good)
 23113 | Lair:4   | XOM: swap monsters
 23302 | Lair:4   | XOM: 3-stop teleportation journey
 23342 | Lair:4   | XOM: destruction
 23418 | Lair:4   | XOM: fog
 23663 | Lair:4   | XOM: enchant monster (good)
 23711 | Lair:4   | XOM: god gift: 11 arrows of flame
 23730 | Lair:4   | Found a staircase to the Swamp.
 23858 | Lair:4   | XOM: god gift: 22 gold pieces
 23870 | Lair:4   | XOM: give mutations
 23870 | Lair:4   | Gained mutation: You are agile. (Dex +2) [Xom's grace]
 23870 | Lair:4   | Gained mutation: You are very robust (+20% HP). [Xom's grace]
 23870 | Lair:4   | Gained mutation: Your muscles are strong. (Str +2) [Xom's grace]
 23870 | Lair:4   | Lost mutation: Scrolls take you a little longer to read. [Xom's grace]
 24061 | Lair:5   | XOM: god gift: scroll of fear
 24141 | Lair:5   | XOM: swap monsters
 24219 | Lair:5   | XOM: give mutations
 24219 | Lair:5   | Gained mutation: Your flesh is heat resistant. [Xom's grace]
 24219 | Lair:5   | Gained mutation: You are extremely robust (+30% HP). [Xom's grace]
 24219 | Lair:5   | Gained mutation: You have sharp toenails. [Xom's grace]
 24219 | Lair:5   | Gained mutation: Your flesh is very heat resistant. [Xom's grace]
 24445 | Lair:5   | Got a translucent battleaxe
 24446 | Lair:5   | Identified the cursed +1 battleaxe of the Vaults {speed, rN+} (You found it on level 5 of the Lair of Beasts)
 24542 | Lair:5   | XOM: enchant monster (good)
 24546 | Lair:5   | XOM: give mutations
 24546 | Lair:5   | Gained mutation: You have a beak for a mouth. [Xom's grace]
 24546 | Lair:5   | Lost mutation: You are somewhat resistant to further mutation. [Xom's grace]
 24546 | Lair:5   | Gained mutation: You evolve. [Xom's grace]
 24546 | Lair:5   | Gained mutation: You are very agile. (Dex +4) [Xom's grace]
 24612 | Lair:5   | XOM: god gift: halberd {god gift}
 24738 | Lair:6   | Gained mutation: You heal very quickly. [evolution]
 24746 | Lair:6   | XOM: summons friendly chaos spawn
 24756 | Lair:6   | Noticed urechis's ghost (powerful TrMo)
 24768 | Lair:6   | Killed urechis's ghost
 24844 | Lair:6   | Noticed Kirke
 24845 | Lair:6   | XOM: polymorph hog -> naga
 24859 | Lair:6   | XOM: vitrification
 24875 | Lair:6   | Killed Kirke
 24875 | Lair:6   | Reached skill level 5 in Axes
 24919 | Lair:6   | Found a staircase to the Slime Pits.
 24920 | Lair:6   | XOM: god gift: plate armour {god gift}
 25035 | Lair:6   | XOM: fog
 25045 | Lair:6   | XOM: cast spell 'Death Channel'
 25046 | Lair:6   | XOM: divine lightning
 25166 | Lair:6   | XOM: smoke on damage
 25488 | Orc:1    | Entered Level 1 of the Orcish Mines
 25499 | Orc:1    | Noticed Urug
 25521 | Orc:1    | Killed Urug
 25847 | Orc:2    | XOM: god gift: meat ration
 25905 | Orc:2    | XOM: give mutation
 25905 | Orc:2    | Gained mutation: You have razor-sharp toenails. [Xom's grace]
 25954 | Orc:2    | XOM: divination: magic mapping
 26204 | Orc:1    | XOM: confuse monster(s)
 26380 | Orc:3    | Noticed Sonja
 26388 | Orc:3    | XOM: summons friendly shadow imp
 26390 | Orc:3    | Reached XP level 15. HP: 153/166 MP: 18/21
 26396 | Orc:3    | Killed Sonja
 26696 | Orc:3    | XOM: vitrification
 26725 | Orc:3    | XOM: give mutations
 26725 | Orc:3    | Lost mutation: You evolve. [Xom's grace]
 26725 | Orc:3    | Gained mutation: You are somewhat resistant to further mutation. [Xom's grace]
 26725 | Orc:3    | Gained mutation: Your tail ends in a poisonous barb. [Xom's grace]
 26891 | Orc:4    | Entered Level 4 of the Orcish Mines
 26901 | Orc:4    | XOM: destruction
 27138 | Orc:4    | XOM: mild Summ miscast
 27216 | Orc:4    | Found Ekhetrophu's Distillery.
 27216 | Orc:4    | XOM: vitrification
 27219 | Orc:4    | Found Duwi's Armour Emporium.
 27220 | Orc:4    | Found Inebousch's Magic Scroll Shop.
 27222 | Orc:4    | Found Ucofe's Antique Weapon Shop.
 27236 | Orc:4    | XOM: god gift: 14 sling bullets of flame
 27248 | Orc:4    | XOM: 1-stop teleportation journey
 27279 | Orc:4    | Found a burning altar of Makhleb.
 27349 | Orc:4    | XOM: potion effect (berserk rage)
 27374 | Orc:4    | Found a staircase to the Elven Halls.
 27376 | Orc:4    | XOM: 3-stop teleportation journey
 27392 | Orc:4    | XOM: 2-stop teleportation journey
 27402 | Orc:4    | XOM: polymorph soul eater -> ice devil
 27483 | Orc:4    | XOM: 1-stop teleportation journey
 27531 | Orc:4    | XOM: god gift: 18 sling bullets of frost
 27542 | Orc:4    | Bought a scroll of acquirement for 572 gold pieces
 27838 | Orc:4    | XOM: give mutations
 27838 | Orc:4    | Lost mutation: You are very agile. (Dex +4) [Xom's mischief]
 27838 | Orc:4    | Lost mutation: You have razor-sharp toenails. [Xom's mischief]
 28049 | Orc:1    | XOM: mild Ice miscast
 28099 | Orc:1    | XOM: harmless Trmt miscast
 28197 | Orc:3    | XOM: medium Necr miscast
 28292 | D:9      | XOM: give mutations
 28292 | D:9      | Lost mutation: Your tail ends in a poisonous barb. [Xom's mischief]
 28292 | D:9      | Lost mutation: Your flesh is very heat resistant. [Xom's mischief]
 28344 | Temple   | Fell from the grace of Xom
 28344 | Temple   | Became a worshipper of Zin the Law-Giver
 28344 | Temple   | Acquired Zin's first power
 28344 | Temple   | Acquired Zin's second power
 28344 | Temple   | Acquired Zin's third power
 28349 | Temple   | Donated 634 gold pieces to Zin
 28350 | Temple   | Donated 317 gold pieces to Zin
 28351 | Temple   | Donated 158 gold pieces to Zin
 28352 | Temple   | Donated 79 gold pieces to Zin
 28355 | Temple   | Acquired Zin's fourth power
 29879 | Lair:8   | Entered Level 8 of the Lair of Beasts
 29911 | Lair:8   | HP: 7/166 [14-headed hydra (6)]
 29915 | Lair:8   | Reached skill level 10 in Axes
 30321 | Lair:8   | Noticed 4thArraOfDagon's ghost (powerful MiBe)
 30334 | Lair:8   | Killed 4thArraOfDagon's ghost
 30341 | Lair:8   | XOM: give mutations
 30341 | Lair:8   | XOM: 4-stop teleportation journey
 30910 | Lair:8   | Found a radiant altar of Vehumet.
 30952 | Lair:8   | Upgraded the game from 0.17-a0-1635-gd4e48f1 to 0.17-a0-1636-g3119f2b
 31415 | Lair:8   | Reached skill level 1 in Invocations
 32015 | Lair:8   | XOM: summons 4 hostile shadow creatures
 32280 | Lair:8   | Got a bloodstained fire dragon armour
 32281 | Lair:8   | Identified the cursed +1 fire dragon armour of the Hills {rPois rF++ rC- rCorr Int-2 Dex+3} (You found it on level 8 of the Lair of Beasts)
 32505 | Lair:6   | XOM: medium Pois miscast
 32569 | Swamp:1  | Entered Level 1 of the Swamp
 32815 | Swamp:1  | XOM: mild Divn miscast
 33272 | Swamp:1  | XOM: summons 3 hostile shadow creatures
 33560 | Swamp:2  | Reached skill level 5 in Invocations
 33565 | Swamp:2  | XOM: enchant monster (bad)
 33728 | Swamp:2  | Noticed Louise
 33749 | Swamp:2  | Killed Louise
 33749 | Swamp:2  | Reached XP level 16. HP: 175/175 MP: 22/22
 33818 | Swamp:2  | Drew Focus: Dex increased to 18, Int decreased to 12
 34101 | Swamp:2  | Noticed Aizul
 34172 | Swamp:2  | Killed Aizul
 34506 | Swamp:2  | XOM: give mutations
 34506 | Swamp:2  | XOM: torment (57/175 hp)
 34840 | Swamp:3  | Noticed Donald
 34869 | Swamp:3  | Killed Donald
 35033 | Swamp:3  | XOM: mild Hex miscast
 35137 | Swamp:3  | XOM: medium Conj miscast
 35343 | Swamp:3  | XOM: mild Summ miscast
 35642 | Swamp:4  | Entered Level 4 of the Swamp
 36488 | Elf:1    | Entered Level 1 of the Elven Halls
 36633 | Elf:1    | Reached skill level 14 in Axes
 36817 | Elf:1    | Identified Sif Muna's Reference Book on Black Secrets
 36962 | Elf:1    | Noticed Azrael
 36972 | Elf:1    | Drew Focus: Dex increased to 19, Int decreased to 11
 36974 | Elf:1    | Hired Zekkenod the naga for 154 gold.
 36984 | Elf:1    | Killed Azrael
 37304 | Elf:1    | Found Ajufof's Armour Emporium.
 37308 | Elf:1    | Bought the +1 pair of boots of Greed {rC+ Str+3 Dex-2 SInv} for 387 gold pieces
 37748 | Elf:1    | Got a coiled bone amulet
 37749 | Elf:1    | Identified the amulet "Luhunnam" {Clar *Drain Int+3 Dex+4 Slay+3} (You found it on level 1 of the Elven Halls)
 38064 | Elf:2    | Found a runed gate.
 38064 | Elf:2    | Found a runed gate.
 38064 | Elf:2    | Found a runed gate.
 38251 | Elf:2    | XOM: vitrification
 39275 | D:8      | Learned a level 3 spell: Recall
 39822 | Swamp:3  | HP: 3/175 [shambling mangrove (17)]
 39841 | Swamp:2  | XOM: medium Air miscast
 40124 | Swamp:3  | XOM: god gift: potion of poison
 40451 | Swamp:4  | Reached skill level 15 in Axes
 40493 | Swamp:4  | Noticed a bone dragon
 40773 | Swamp:4  | Killed a bone dragon
 40773 | Swamp:4  | Reached skill level 5 in Translocations
 40804 | Swamp:4  | XOM: summons 2 hostile shadow creatures
 41136 | Swamp:4  | XOM: give mutation
 41136 | Swamp:4  | XOM: stat loss: -1 Str (19/20)
 41386 | Swamp:4  | Got a decaying rune of Zot
 41410 | Swamp:4  | Reached XP level 17. HP: 183/183 MP: 23/23
 43061 | Snake:1  | Entered Level 1 of the Snake Pit
 43754 | Snake:1  | XOM: summons 1 hostile demon
 44834 | Snake:2  | Reached skill level 10 in Invocations
 44837 | Snake:2  | Reached skill level 16 in Axes
 45129 | Snake:2  | XOM: medium Air miscast
 45464 | Snake:2  | XOM: noise
 45594 | Snake:2  | XOM: mild Trmt miscast
 45832 | Snake:2  | XOM: medium Necr miscast
 46090 | Snake:3  | XOM: divination: magic mapping
 46260 | Snake:3  | Noticed Asterion
 46275 | Snake:3  | Killed Asterion
 46447 | Snake:3  | XOM: polymorph naga mage -> trapdoor spider
 46460 | Snake:3  | Reached skill level 17 in Axes
 46805 | Snake:3  | XOM: summons 1 hostile demon
 47036 | Snake:3  | XOM: give mutations
 47036 | Snake:3  | XOM: noise
 47098 | Snake:4  | Entered Level 4 of the Snake Pit
 47118 | Snake:4  | Got an encrusted battleaxe
 47119 | Snake:4  | Identified the +5 battleaxe of the Harvest {drain, *Contam rN+ MR+} (You found it on level 4 of the Snake Pit)
 47236 | Snake:4  | Your ally Zekkenod died
 47310 | Snake:4  | XOM: medium Necr miscast
 47544 | Snake:4  | Reached XP level 18. HP: 136/193 MP: 14/24
 47580 | Snake:4  | XOM: polymorph black mamba -> harpy
 47580 | Snake:4  | Was forgiven by Xom
 47937 | Snake:4  | Reached skill level 18 in Axes
 48485 | Snake:4  | Got a serpentine rune of Zot
 49019 | Vaults:1 | Entered Level 1 of the Vaults
 49376 | Vaults:1 | Found Novuo's Antique Armour Shop.
 49691 | Vaults:1 | Reached skill level 19 in Axes
 50857 | Vaults:2 | Noticed Wiglaf
 50886 | Vaults:2 | Killed Wiglaf
 51307 | Vaults:2 | Reached XP level 19. HP: 154/202 MP: 19/26
 52009 | Vaults:3 | Reached skill level 20 in Axes
 52601 | Vaults:3 | Found a staircase to the Crypt.
 53799 | Vaults:4 | Got a brightly glowing cloak
 53810 | Vaults:4 | Identified the +0 cloak of Follow the Leader {rN+ rCorr} (You acquired it on level 4 of the Vaults)
 54464 | Vaults:4 | Reached skill level 21 in Axes
 54849 | D:12     | Killed a manticore
 55071 | Slime:1  | Entered Level 1 of the Pits of Slime
 55087 | Lair:6   | Reached skill level 15 in Invocations
 56091 | Slime:3  | Noticed Dissolution
 56148 | Slime:3  | Killed Dissolution
 56148 | Slime:3  | Reached XP level 20. HP: 168/210 MP: 13/28
 56264 | Slime:6  | Entered Level 6 of the Pits of Slime
 56389 | Slime:6  | Noticed emiel's ghost (great CeWz)
 56443 | Slime:6  | Killed emiel's ghost
 56616 | Slime:6  | Found a viscous altar of Jiyva.
 56623 | Slime:6  | Noticed the royal jelly
 56647 | Slime:6  | Killed the royal jelly
 56647 | Slime:6  | Reached skill level 22 in Axes
 56744 | Slime:6  | Got a slimy rune of Zot
 56746 | Slime:6  | Got a pitted broad axe
 56747 | Slime:6  | Identified the +3 broad axe of Devotion {chop, -Tele rN++} (You found it on level 6 of the Pits of Slime)
 56786 | Slime:6  | Got an ancient cloak
 56787 | Slime:6  | Identified the -2 cloak of Submission {rN+ Slay+4} (You acquired it on level 6 of the Pits of Slime)
 56816 | Slime:6  | Got a steaming brass amulet
 56817 | Slime:6  | Identified the amulet "Neraf" {Faith rC+} (You found it on level 6 of the Pits of Slime)
 56836 | Slime:6  | Got a steaming quick blade
 56837 | Slime:6  | Identified the +1 quick blade "Sasol" {elec, Int+2 Dex+4} (You found it on level 6 of the Pits of Slime)
 57383 | Elf:3    | Entered Level 3 of the Elven Halls
 58042 | Elf:3    | HP: 5/210 [deep elf annihilator/iron shot (32)]
 58321 | Elf:3    | Cast into the Abyss (a deep elf demonologist)
 58575 | Abyss:2  | Found a corrupted altar of Lugonu.
 58619 | Abyss:2  | Found a corrupted altar of Lugonu.
 58657 | Abyss:2  | Found a corrupted altar of Lugonu.
 58792 | Abyss:2  | Found a corrupted altar of Lugonu.
 59063 | Abyss:2  | Found a stormy altar of Qazlal.
 59253 | Abyss:2  | Found a corrupted altar of Lugonu.
 59309 | Abyss:2  | Paralysed by accursed screaming for 1 turns
 59321 | Abyss:2  | Found a corrupted altar of Lugonu.
 59342 | Abyss:2  | Found a corrupted altar of Lugonu.
 59450 | Abyss:3  | Got an abyssal rune of Zot
 59572 | Elf:3    | Escaped the Abyss
 59686 | Elf:3    | Reached XP level 21. HP: 185/219 MP: 25/30
 59692 | Elf:3    | Reached skill level 23 in Axes
 59992 | Elf:3    | Identified the Handbook of the Hurtful Arsonist
 60053 | Elf:3    | Identified The Lost Volume of the Archmage
 60706 | Elf:2    | Cast into the Abyss (quick blade of distortion)
 60742 | Elf:2    | Escaped the Abyss
 60802 | Elf:2    | Lost mutation: Your body sometimes deteriorates upon taking damage. [mutagenic glow]
 61365 | Depths:1 | Entered Level 1 of the Depths
 61665 | Depths:1 | Found a gateway to Hell.
 62036 | Depths:1 | Reached skill level 24 in Axes
 62037 | Depths:1 | Found a one-way gate to the infinite horrors of the Abyss.
 62296 | Depths:1 | Found a shimmering altar of Xom.
 62645 | Depths:2 | Found a gateway to a ziggurat.
 62705 | Depths:2 | Found a magical portal.
 62734 | WizLab   | Entered Wucad Mu's Monastery
 62919 | WizLab   | Reached XP level 22. HP: 178/230 MP: 31/31
 63108 | Depths:2 | Noticed Mara
 63114 | Depths:2 | Killed Mara
 63170 | Depths:2 | Found an iron altar of Okawaru.
 63297 | Depths:2 | Reached XP level 23. HP: 163/237 MP: 23/32
 63477 | Depths:2 | Got a faintly glowing hat
 63478 | Depths:2 | Identified the +0 hat "Bezui" {rC+} (You found it on level 2 of the Depths)
 63735 | Depths:2 | Got a translucent battleaxe
 63736 | Depths:2 | Identified the +3 battleaxe "Janach" {chop, *Confuse MR+ Dex+8} (You found it on level 2 of the Depths)
 64073 | Depths:3 | Reached skill level 25 in Axes
 64950 | Depths:3 | Drew Focus: Dex increased to 21, Int decreased to 10
 65056 | Depths:3 | Found a one-way gate leading to the halls of Pandemonium.
 65391 | Depths:3 | Got a steaming diamond amulet
 65438 | Depths:3 | Identified the amulet "Jasuargho" {Inacc *Contam +Inv MR+ Int+6} (You found it on level 3 of the Depths)
 66318 | Depths:4 | Found Fosaeh's Antique Armour Shop.
 66320 | Depths:4 | Noticed Mennas
 66348 | Depths:4 | Killed Mennas
 66544 | Depths:4 | Reached skill level 26 in Axes
 67434 | Depths:4 | Identified the Papyrus of the Twisted Oath
 67442 | Depths:4 | Learned a level 5 spell: Phase Shift
 67494 | Depths:4 | Reached XP level 24. HP: 241/247 MP: 32/33
 67652 | Depths:5 | Entered Level 5 of the Depths
 67672 | Depths:5 | Reached skill level 1 in Spellcasting
 67689 | Depths:5 | Paralysed by a lich for 7 turns
 68520 | Depths:5 | Reached skill level 5 in Spellcasting
 68753 | Depths:5 | Found a gate to the Realm of Zot.
 69718 | D:2      | Fell from the grace of Zin
 69718 | D:2      | Became a worshipper of the Shining One
 69718 | D:2      | Acquired the Shining One's first power
 69718 | D:2      | Acquired the Shining One's second power
 69718 | D:2      | Acquired the Shining One's third power
 70345 | Crypt:1  | Entered Level 1 of the Crypt
 70494 | Crypt:1  | Acquired the Shining One's fourth power
 72346 | D:2      | Identified a +8 executioner's axe of holy wrath (a +6 executioner's axe of venom blessed by the Shining One)
 73027 | Crypt:3  | Entered Level 3 of the Crypt
 73188 | Crypt:3  | Reached XP level 25. HP: 265/265 MP: 32/33
 73243 | Crypt:3  | Found a basalt altar of Yredelemnul.
 73243 | Crypt:3  | Noticed an ancient lich
 73253 | Crypt:3  | Killed an ancient lich
 73329 | Crypt:3  | Got a translucent battleaxe
 73330 | Crypt:3  | Identified the cursed +3 battleaxe of Intuition {freeze, rElec rF+ Int-3 SInv} (You found it on level 3 of the Crypt)
 73591 | Crypt:3  | Identified a +2 rod of destruction (11/11) (You found it on level 3 of the Crypt)
 73728 | Crypt:3  | Found a staircase to the Tomb.
 74097 | Tomb:1   | Entered Level 1 of the Tomb of the Ancients
 74264 | Tomb:1   | Reached skill level 10 in Spellcasting
 76780 | Tomb:2   | Reached XP level 26. HP: 116/275 MP: 34/34
 77984 | Tomb:1   | Reached skill level 15 in Fighting
 78119 | Tomb:3   | Entered Level 3 of the Tomb of the Ancients
 78148 | Tomb:3   | Noticed an ancient lich
 79650 | Tomb:3   | Reached skill level 15 in Dodging
 79662 | Tomb:3   | Killed an ancient lich
 80045 | Tomb:3   | Got a golden rune of Zot
 80135 | Tomb:3   | Got a wavering glass ring
 80136 | Tomb:3   | Identified the ring "Fiquby" {rF+ rC+ Str+2 Dex+2 SInv} (You found it on level 3 of the Tomb of the Ancients)
 80177 | Tomb:3   | Got a jewelled cloak
 80178 | Tomb:3   | Identified the +0 cloak of the Vestibule of Hell {*Confuse rF+ rC+ Int+4} (You found it on level 3 of the Tomb of the Ancients)
 80737 | Tomb:1   | Reached XP level 27. HP: 300/300 MP: 35/35
 81011 | Vaults:5 | Entered Level 5 of the Vaults
 81031 | Vaults:5 | Noticed 4thArraOfDagon's ghost (mighty MiAr)
 81205 | Vaults:5 | Killed 4thArraOfDagon's ghost
 81227 | Vaults:5 | Noticed an ancient lich
 81232 | Vaults:5 | Killed an ancient lich
 81332 | Vaults:5 | Found Kicuffa's Magic Scroll Shoppe.
 81333 | Vaults:5 | Noticed Saint Roka
 81334 | Vaults:5 | Found Fuewk's Food Emporium.
 81334 | Vaults:5 | Found Johucad's Distillery.
 81346 | Vaults:5 | Lost mutation: You are somewhat resistant to further mutation. [helix card]
 81356 | Vaults:5 | Lost mutation: Your magical capacity is low (-10% MP). [helix card]
 81427 | Vaults:5 | Found Ifuchal's Food Shop.
 81427 | Vaults:5 | Found Bemamyamp's Food Shoppe.
 82002 | Vaults:5 | Found Yddiok's Magic Scroll Shop.
 82035 | Vaults:5 | Killed Saint Roka
 82049 | Vaults:5 | Bought a scroll of immolation for 63 gold pieces
 82049 | Vaults:5 | Bought 3 scrolls of recharging for 513 gold pieces
 82049 | Vaults:5 | Bought a scroll of recharging for 171 gold pieces
 82049 | Vaults:5 | Bought a scroll of magic mapping for 63 gold pieces
 82049 | Vaults:5 | Bought a scroll of enchant weapon for 135 gold pieces
 82049 | Vaults:5 | Bought 3 scrolls of identify for 108 gold pieces
 82049 | Vaults:5 | Bought a scroll of recharging for 171 gold pieces
 82049 | Vaults:5 | Bought a scroll of identify for 36 gold pieces
 82049 | Vaults:5 | Bought a scroll of identify for 36 gold pieces
 82084 | Vaults:5 | Bought a potion of might for 56 gold pieces
 82084 | Vaults:5 | Bought a potion of heal wounds for 70 gold pieces
 82084 | Vaults:5 | Bought a potion of agility for 56 gold pieces
 82084 | Vaults:5 | Bought a potion of curing for 42 gold pieces
 82084 | Vaults:5 | Bought a potion of haste for 140 gold pieces
 82095 | Vaults:5 | Bought a scroll of blinking for 135 gold pieces
 82095 | Vaults:5 | Bought a scroll of recharging for 171 gold pieces
 82095 | Vaults:5 | Bought a scroll of acquirement for 936 gold pieces
 82095 | Vaults:5 | Bought a scroll of identify for 36 gold pieces
 82095 | Vaults:5 | Bought a scroll of identify for 36 gold pieces
 82095 | Vaults:5 | Bought a scroll of identify for 36 gold pieces
 82095 | Vaults:5 | Bought a scroll of identify for 36 gold pieces
 82381 | Vaults:5 | Reached skill level 10 in Translocations
 82480 | Vaults:5 | Found Wiryid's Food Boutique.
 82520 | Vaults:5 | Found Xiek's Distillery.
 82525 | Vaults:5 | Bought a potion of curing for 57 gold pieces
 82525 | Vaults:5 | Bought a potion of heal wounds for 95 gold pieces
 82525 | Vaults:5 | Bought 2 potions of magic for 304 gold pieces
 82525 | Vaults:5 | Bought a potion of curing for 57 gold pieces
 82525 | Vaults:5 | Bought a potion of curing for 57 gold pieces
 82525 | Vaults:5 | Bought a potion of resistance for 190 gold pieces
 82525 | Vaults:5 | Bought a potion of might for 76 gold pieces
 82525 | Vaults:5 | Bought a potion of curing for 57 gold pieces
 82562 | Vaults:5 | Found Apaplyg's Distillery.
 82571 | Vaults:5 | Bought a potion of might for 52 gold pieces
 82571 | Vaults:5 | Bought a potion of might for 52 gold pieces
 82571 | Vaults:5 | Bought a potion of agility for 52 gold pieces
 82571 | Vaults:5 | Bought a potion of heal wounds for 65 gold pieces
 82571 | Vaults:5 | Bought a potion of curing for 39 gold pieces
 82571 | Vaults:5 | Bought a potion of might for 52 gold pieces
 82571 | Vaults:5 | Bought a potion of curing for 39 gold pieces
 82571 | Vaults:5 | Bought a potion of curing for 39 gold pieces
 82803 | Vaults:5 | Got a silver rune of Zot
 82964 | Vaults:5 | Found Odeejeb's Jewellery Shop.
 82969 | Vaults:5 | Bought the ring of Shaolin {EV+8} for 2432 gold pieces
 82972 | Vaults:5 | Found Adwureum's Gadget Shoppe.
 83739 | D:9      | Learned a level 9 spell: Tornado
 83749 | D:9      | Learned a level 9 spell: Shatter
 84081 | Depths:2 | Reached skill level 1 in Air Magic
 84155 | Pan      | Entered Pandemonium
 84169 | Pan      | Noticed Duelan the pandemonium lord
 84179 | Pan      | Killed Duelan the pandemonium lord
 84396 | Pan      | Got a pitted golden amulet
 84397 | Pan      | Identified the amulet of the Gloaming {Gourm rF++ MR+ Dex-5 Slay-2} (You acquired it in Pandemonium)
 84601 | Pan      | Found an exit through the horrors of the Abyss.
 84621 | Pan      | Reached skill level 5 in Air Magic
 84844 | Pan      | Got a demonic rune of Zot
 85305 | Pan      | Noticed Ekiezxem the pandemonium lord
 85314 | Pan      | Killed Ekiezxem the pandemonium lord
 85730 | Pan      | Found an exit through the horrors of the Abyss.
 86207 | Pan      | Found an exit through the horrors of the Abyss.
 86278 | Pan      | Gained mutation: Your body sometimes deteriorates upon taking damage. [a neqoxec]
 86467 | Pan      | Found a huge runed gate.
 86467 | Pan      | Found a huge runed gate.
 86468 | Pan      | Found a huge runed gate.
 86468 | Pan      | Found a huge runed gate.
 86468 | Pan      | Found a huge runed gate.
 86468 | Pan      | Found a huge runed gate.
 86468 | Pan      | Found a huge runed gate.
 86468 | Pan      | Found a huge runed gate.
 86469 | Pan      | Found a huge runed gate.
 86469 | Pan      | Found a huge runed gate.
 86469 | Pan      | Found a huge runed gate.
 86469 | Pan      | Found a huge runed gate.
 86469 | Pan      | Found a huge runed gate.
 86470 | Pan      | Found a huge runed gate.
 86470 | Pan      | Found a huge runed gate.
 86472 | Pan      | Found a huge runed gate.
 86472 | Pan      | Found a huge runed gate.
 86938 | Pan      | Noticed Ahuc the pandemonium lord
 86952 | Pan      | Killed Ahuc the pandemonium lord
 87123 | Pan      | Reached skill level 10 in Throwing
 87222 | Pan      | Gained mutation: Your magical capacity is low (-10% MP). [a neqoxec]
 87223 | Pan      | Lost mutation: Your magical capacity is low (-10% MP). [a neqoxec]
 87224 | Pan      | Lost mutation: Your muscles are strong. (Str +2) [a neqoxec]
 87225 | Pan      | Lost mutation: You are extremely robust (+30% HP). [a neqoxec]
 87581 | Pan      | Found an exit through the horrors of the Abyss.
 87646 | Pan      | Reached skill level 10 in Air Magic
 87962 | Pan      | Noticed emiel's ghost (awesomely powerful CeWz)
 87984 | Pan      | Killed emiel's ghost
 88273 | Pan      | Found an exit through the horrors of the Abyss.
 88380 | Pan      | Noticed Ytysi the pandemonium lord
 88395 | Pan      | Killed Ytysi the pandemonium lord
 88642 | Pan      | Noticed Biplouth the pandemonium lord
 88657 | Pan      | Killed Biplouth the pandemonium lord
 89054 | Pan      | Found an exit through the horrors of the Abyss.
 89371 | Pan      | Noticed Heteoto the pandemonium lord
 89387 | Pan      | Killed Heteoto the pandemonium lord
 89537 | Pan      | Found an exit through the horrors of the Abyss.
 90285 | Pan      | Noticed Saokk the pandemonium lord
 90294 | Pan      | Killed Saokk the pandemonium lord
 90325 | Pan      | Found an exit through the horrors of the Abyss.
 90354 | Pan      | Found a gateway to a ziggurat.
 90655 | Zig:1    | Entered Level 1 of a ziggurat
 90673 | Zig:2    | Entered Level 2 of a ziggurat
 90708 | Zig:3    | Entered Level 3 of a ziggurat
 90736 | Zig:4    | Entered Level 4 of a ziggurat
 90765 | Zig:4    | Identified Jeeng's Grimoire of Ignition and Darkness
 90772 | Zig:4    | Learned a level 3 spell: Spectral Weapon
 90774 | Zig:5    | Entered Level 5 of a ziggurat
 90825 | Zig:6    | Entered Level 6 of a ziggurat
 90838 | Zig:6    | Reached skill level 1 in Hexes
 90873 | Zig:7    | Entered Level 7 of a ziggurat
 90884 | Zig:7    | Reached skill level 1 in Charms
 90916 | Zig:8    | Entered Level 8 of a ziggurat
 91134 | Zig:9    | Entered Level 9 of a ziggurat
 91302 | Zig:10   | Entered Level 10 of a ziggurat
 91357 | Zig:11   | Entered Level 11 of a ziggurat
 91414 | Zig:11   | Got a glittering emerald amulet
 91415 | Zig:11   | Identified the amulet "Jes Aly" {Ward rN+ MR++} (You found it on level 11 of a ziggurat)
 91448 | Zig:12   | Entered Level 12 of a ziggurat
 91506 | Zig:12   | Identified the Tome of Confrontation
 91513 | Zig:12   | Reached skill level 27 in Invocations
 91515 | Zig:12   | Got a transparent turquoise ring
 91516 | Zig:12   | Identified the ring of Twilight {rN+ MR+ Slay+2} (You found it on level 12 of a ziggurat)
 91525 | Zig:13   | Entered Level 13 of a ziggurat
 91646 | Zig:13   | Identified the Compendium of Evil Hexes
 91658 | Zig:14   | Entered Level 14 of a ziggurat
 91745 | Zig:14   | Reached skill level 15 in Throwing
 91747 | Zig:14   | Got a glittering silver ring
 91748 | Zig:14   | Identified the ring "Zelacups" {Fire +Blink MR+} (You found it on level 14 of a ziggurat)
 91764 | Zig:14   | Got a translucent ivory ring
 91765 | Zig:14   | Identified the ring "Mysy" {rF+ MR+ SInv} (You found it on level 14 of a ziggurat)
 91873 | Zig:15   | Entered Level 15 of a ziggurat
 91919 | Zig:15   | Gained mutation: You passively map the area around you. [potion of beneficial mutation]
 91937 | Zig:15   | Got a scorched silver ring
 91938 | Zig:15   | Identified the ring "Caedoyl" {rElec rPois rN+++ MR+ Slay-4} (You found it on level 15 of a ziggurat)
 91942 | Zig:16   | Entered Level 16 of a ziggurat
 91956 | Zig:16   | Noticed Yghoeq the pandemonium lord
 91956 | Zig:16   | Noticed Kaido the pandemonium lord
 91956 | Zig:16   | Noticed Wemogiak the pandemonium lord
 91960 | Zig:16   | Killed Kaido the pandemonium lord
 91961 | Zig:16   | Killed Wemogiak the pandemonium lord
 91962 | Zig:16   | Killed Yghoeq the pandemonium lord
 91975 | Zig:16   | Reached skill level 15 in Air Magic
 92089 | Zig:16   | Got a pitted wooden ring
 92090 | Zig:16   | Identified the ring of Sida {SustAt Str-2 Dex+3 SInv} (You found it on level 16 of a ziggurat)
 92107 | Zig:16   | Got a wavering lead ring
 92108 | Zig:16   | Identified the ring "Ceugrov" {rN+ MR+} (You found it on level 16 of a ziggurat)
 92113 | Zig:16   | Got a warped ivory amulet
 92114 | Zig:16   | Identified the amulet "Zyodghu" {Clar Int+3} (You found it on level 16 of a ziggurat)
 92126 | Zig:16   | Identified a +4 rod of the swarm (11/11) (You found it on level 16 of a ziggurat)
 92132 | Zig:17   | Entered Level 17 of a ziggurat
 92140 | Zig:17   | Noticed an ancient lich
 92143 | Zig:17   | Reached skill level 15 in Spellcasting
 92159 | Zig:17   | Killed an ancient lich
 92192 | Zig:17   | Got a brightly glowing lead amulet
 92193 | Zig:17   | Identified the amulet "Kevo Uch" {Gourm +Blink Stlth+} (You found it on level 17 of a ziggurat)
 92201 | Zig:17   | Got a faintly glowing ivory amulet
 92202 | Zig:17   | Identified the amulet "Lenlus" {Faith Str+2} (You found it on level 17 of a ziggurat)
 92236 | Zig:18   | Entered Level 18 of a ziggurat
 92265 | Zig:18   | HP: 6/283 [golden dragon (18)]
 92266 | Zig:18   | Slain by a golden dragon

Dungeon Overview and Level Annotations

Branches:
Dungeon (15/15)            Temple (1/1) D:7            Lair (8/8) D:11
  Swamp (4/4) Lair:4        Snake (4/4) Lair:3        Slime (6/6) Lair:6
    Orc (4/4) D:9             Elf (3/3) Orc:4        Vaults (5/5) D:14
  Crypt (3/3) Vaults:3       Tomb (3/3) Crypt:3      Depths (5/5) D:15
    Zot (0/5) Depths:5

Altars:
Ashenzari
Cheibriados
Dithmenos
Elyvilon
Fedhas
Gozag
Kikubaaqudgha
Makhleb
Nemelex Xobeh
Okawaru
Qazlal
Ru
Sif Muna
Trog
Vehumet
Xom
Yredelemnul
Zin
The Shining One
Jiyva

Shops:
D:8 :   D:9 *   D:13 =[??*   Orc:4 !([?   Elf:1 [   Vaults:1 [
Vaults:5 ?%!!?!%%%}=   Depths:4 [

Portals:
Hell: Depths:1 Depths:2 Depths:3 Depths:4 Depths:5
Abyss: Depths:1 Depths:3 Depths:4 Depths:5
Pandemonium: Depths:3 Depths:4
Ziggurat: Depths:2

Annotations:
Zig:18 exclusion: 3 oklob plants


Message History

You block the 11-headed hydra's attack. x2
The 11-headed hydra barely misses you.
The 11-headed hydra bites you but does no damage.
The 11-headed hydra bites you. The 11-headed hydra closely misses you.
The 11-headed hydra bites you but does no damage.
You block the 11-headed hydra's attack.
The 11-headed hydra bites you but does no damage.
The 11-headed hydra bites you!
The six-headed hydra is engulfed in roaring flames.
The tentacled monstrosity is engulfed in roaring flames.
The tentacled monstrosity tentacle-slaps you but does no damage.
The tentacled monstrosity tentacle-slaps you.
You block the tentacled monstrosity's attack.
The tentacled monstrosity constricts you!
The ghost crab is engulfed in roaring flames.
The ghost crab breathes ghostly flame at you.
The spectral mist engulfs the tentacled monstrosity.
The tentacled monstrosity appears unharmed.
The alligator is engulfed in spectral mist.
The alligator misses you. The alligator closely misses you.
The oklob plant is engulfed in spectral mist.
The oklob plant is engulfed in roaring flames.
The oklob plant spits acid at you. The splash of acid hits you! You resist.
The acid burns!
You resist.
The alligator is engulfed in noxious fumes.
The alligator appears confused.
The swamp dragon is engulfed in spectral mist.
The tentacled monstrosity is engulfed in spectral mist.
The tentacled monstrosity barely misses you.
The tentacled monstrosity misses you.
The tentacled monstrosity closely misses you.
The tentacled monstrosity is engulfed in spectral mist. x2
The tentacled monstrosity tentacle-slaps you but does no damage. x2
You block the tentacled monstrosity's attack.
The slime creature is engulfed in spectral mist.
The six-headed hydra is engulfed in roaring flames.
The shambling mangrove hits you!
The golden dragon is engulfed in spectral mist.
The golden dragon bites you! The golden dragon claws you!
You die...

You could see 5 tentacled monstrosities, a golden dragon, 3 shambling mangroves, 4 alligators, a 11-headed hydra, a ten-headed hydra, 2 six-headed hydras, 2 green deaths, 4 swamp dragons, a cyan ugly thing (confused), 2 giant leeches, a slime creature, a ghost crab, 3 oklob plants, a bog body, 2 swamp drakes and 2 friendly fire elementals.

Vanquished Creatures
  the royal jelly (Slime:6)
  3 ancient liches
  Mara (Depths:2)
  Mennas (Depths:4)
  The ghost of emiel the Stormcaller, an awesomely powerful CeWz of Cheibriados (Pan)
  25 greater mummies
  The ghost of emiel the Stormcaller, a great CeWz of Cheibriados (Slime:6)
  10 pandemonium lords
  Saint Roka (Vaults:5)
  8 Killer Klowns (Zig:16)
  2 caustic shrikes
  4 golden dragons
  A profane servitor (Zig:17)
  2 pearl dragons (Zig:8)
  6 bone dragons
  The ghost of 4thArraOfDagon the Severer, a mighty MiAr of Jiyva (Vaults:5)
  2 Ice Fiends (Pan)
  6 Brimstone Fiends (Pan)
  4 tentacled monstrosities
  A quicksilver dragon (shapeshifter) (Zig:16)
  Asterion (Snake:3)
  4 deep elf blademasters
  3 deep elf master archers (Elf:3)
  3 quicksilver dragons
  5 titans (Vaults:5)
  18 acid blobs
  An octopode crusher (Depths:2)
  4 Shadow Fiends (Pan)
  2 tentacled starspawn
  12 liches
  15 Executioners (Pan)
  11 ancient champions
  2 shadow dragons (shapeshifter) (Zig:16)
  5 storm dragons
  11 sphinxes
  A thorn hunter (Swamp:3)
  A draconian monk (Depths:5)
  6 shadow dragons
  7 tengu reavers
  4 azure jellies (Slime:6)
  5 revenants
  Wiglaf (Vaults:2)
  A daeva (Zig:8)
  10 greater nagas
  A fire giant (shapeshifter) (Zig:16)
  Donald (Swamp:3)
  Maud (D:11)
  7 fire giants
  An iron dragon (Depths:3)
  3 cacodemons (Pan)
  11 frost giants
  A draconian knight (Depths:5)
  9 deep elf sorcerers
  Aizul (Swamp:2)
  Louise (Swamp:2)
  4 curse skulls
  7 balrugs
  6 war gargoyles
  3 angels (Zig:8)
  16 ironheart preservers
  11 orc warlords
  16 vault wardens
  8 ghouls
  3 warmongers (Pan)
  2 blood saints (Pan)
  An ophan (Zig:8)
  16 reapers
  18 very ugly things
  14 stone giants
  3 corrupters (Pan)
  A spriggan defender (Depths:3)
  2 green draconians (Depths:5)
  6 chaos champions (Pan)
  8 deep elf annihilators
  2 apis (Zig:8)
  6 black suns (Pan)
  4 deep elf demonologists
  2 lorocyprocas (Pan)
  A white draconian (Abyss:2)
  A stone giant (shapeshifter) (Zig:16)
  2 purple draconians (Depths:5)
  Azrael (Elf:1)
  2 dire elephants (Zig:2)
  8 bennus
  10 vampire knights
  2 pale draconians (Depths:5)
  The ghost of 4thArraOfDagon the Bludgeoner, a powerful MiBe of Trog (Lair:8)
  2 salamander stormcallers
  2 red draconians (Depths:5)
  10 eidola
  6 green deaths (Pan)
  A blizzard demon (Pan)
  10 death oozes
  4 crystal guardians
  28 mummy priests
  8 deep elf death magi
  10 fire dragons
  13 ettins
  2 orange crystal statues
  An ettin (shapeshifter) (Vaults:1)
  28 vault guards
  23 yaktaur captains
  3 quicksilver dragon zombies
  14 great orbs of eyes
  12 jiangshi
  5 deep elf high priests
  7 entropy weavers
  8 hell beasts
  5 ice dragons
  6 death knights
  10 hydras
  18 naga warriors
  2 rakshasas
  17 centaur warriors
  3 spriggan air magi
  13 monstrous demonspawn (Pan)
  5 ghost crabs
  13 death yaks (Lair:8)
  23 dancing weapons
  6 anacondas
  3 thrashing horrors
  5 catoblepae (Lair:8)
  15 deep troll earth magi
  17 ogre magi
  A satyr (shapeshifter) (Zig:16)
  6 deep troll shamans
  3 tengu warriors
  5 spriggan berserkers
  3 vampire magi
  11 orc high priests
  6 alligators
  6 naga sharpshooters
  Urug (Orc:1)
  6 holy swine (Pan)
  15 deep elf knights
  4 shock serpents
  6 hell knights (Crypt:3)
  Sonja (Orc:3)
  Nergalle (D:12)
  10 sun demons (Pan)
  2 fire crabs (Vaults:4)
  3 wretched stars (Abyss:2)
  The ghost of 4thArraOfDagon the Cleaver, an experienced HOAK of Lugonu (D:11)
  21 death scarabs
  31 skeletal warriors
  10 soul eaters
  2 shadow wraiths
  A death drake (Swamp:4)
  2 salamander mystics
  9 iron trolls
  A sea snake (Snake:1)
  2 golden dragon zombies (Zig:10)
  14 infernal demonspawn (Pan)
  A cherub (Zig:8)
  6 deep elf summoners
  12 unseen horrors
  A wizard (Depths:1)
  36 deep trolls
  4 giant orange brains
  A sea snake (shapeshifter) (Vaults:5)
  A swamp dragon (shapeshifter) (Depths:3)
  2 anaconda zombies
  8 ice devils
  6 naga ritualists
  10 flayed ghosts
  10 swamp dragons
  14 phantasmal warriors
  A lindwurm (D:9)
  20 putrid demonspawn
  A hill giant (shapeshifter) (Elf:3)
  3 ice statues (IceCv)
  7 gelid demonspawn
  6 hill giants
  3 spectral hydras (Swamp:4)
  2 spriggan druids
  An anaconda skeleton (Crypt:3)
  20 torturous demonspawn (Pan)
  44 anubis guards
  Pikel (D:9)
  A golden dragon skeleton (Zig:14)
  7 shadow demons (Pan)
  4 shambling mangroves
  9 mana vipers
  An iron dragon zombie (Zig:6)
  A harpy (shapeshifter) (Depths:4)
  A giant orange brain (shapeshifter) (D:15)
  A griffon (shapeshifter) (Zig:16)
  A sphinx zombie (Zig:14)
  11 deep elf conjurers
  A harpy (Snake:4)
  10 necromancers
  8 orc sorcerers
  14 ironbrand convokers
  9 griffons
  An orb spider (shapeshifter) (D:15)
  9 salamanders
  8 oklob plants
  4 wolf spiders
  A worldbinder (Abyss:2)
  6 hornets
  3 frost giant zombies
  37 ugly things
  19 orc knights
  A shining eye (Slime:1)
  10 moths of wrath
  5 manticores
  A fire giant zombie (Zig:14)
  2 iron dragon skeletons (Crypt:3)
  An elephant (shapeshifter) (Vaults:5)
  6 cyclopes
  A hornet (shapeshifter) (D:15)
  2 eyes of devastation
  21 smoke demons (Pan)
  16 sixfirhies (Pan)
  An octopode (shapeshifter) (Elf:3)
  12 vault sentinels
  A frost giant skeleton (Zig:6)
  7 rust devils
  48 black mambas
  16 spiny frogs
  15 naga magi
  An apocalypse crab (Abyss:2)
  17 elephants
  19 orange demons (Pan)
  11 komodo dragons
  A moth of wrath (shapeshifter) (D:15)
  2 gargoyles
  2 kobold demonologists
  A dire elephant skeleton (Tomb:1)
  A stone giant skeleton (Crypt:3)
  An elf skeleton (Zig:14)
  5 demonic crawlers (Pan)
  3 guardian serpents
  18 hellions
  An efreet (Zig:6)
  A purple draconian zombie (Crypt:1)
  A spriggan zombie (Zig:4)
  A spiny frog (shapeshifter) (Vaults:5)
  A sea snake zombie (Crypt:1)
  4 swamp worm zombies
  23 hellwings
  60 yaktaurs
  14 red devils
  2 tengu conjurers
  50 guardian mummies
  A harpy zombie (Tomb:1)
  11 deep elf priests
  A sea snake skeleton (Crypt:2)
  2 hydra zombies (Swamp:4)
  A jumping spider (shapeshifter) (Elf:2)
  33 two-headed ogres
  9 giant leeches
  8 tormentors
  2 jumping spiders
  3 polar bears
  3 fire drakes
  10 trolls
  A catoblepas skeleton (Tomb:3)
  10 blue devils
  A two-headed ogre (shapeshifter) (Vaults:1)
  A snapping turtle (Lair:4)
  A wolf spider simulacrum (Tomb:1)
  14 blink frogs
  Prince Ribbit (D:5)
  8 boulder beetles
  21 bog bodies
  8 raiju (Abyss:2)
  8 freezing wraiths
  2 alligator zombies (Swamp:4)
  A spectral swamp dragon (Swamp:4)
  57 slime creatures
  3 fire dragon zombies (Crypt:3)
  8 ushabtiu
  2 griffon zombies
  39 flying skulls
  4 wyverns
  A trapdoor spider (Snake:3)
  20 redbacks
  3 shadows
  A trapdoor spider (shapeshifter) (Vaults:5)
  A centaur simulacrum (D:15)
  A spriggan (shapeshifter) (Zig:16)
  A hill giant zombie (Crypt:1)
  2 basilisks
  4 chaos spawn
  17 water elementals
  6 wraiths
  A hog (Lair:6)
  14 yaks
  A tarantella (shapeshifter) (Vaults:5)
  22 ynoxinuls (Pan)
  A human (shapeshifter) (Vaults:5)
  6 hippogriffs
  8 spriggans
  22 deep elf magi
  33 deep elf fighters
  6 fire bats
  A golden eye (shapeshifter) (Depths:2)
  2 hippogriffs (shapeshifter)
  A yak (shapeshifter) (Vaults:3)
  5 vampires
  A wolf (shapeshifter) (Depths:1)
  A hungry ghost (D:13)
  3 steam dragons (Depths:5)
  4 fire elementals
  15 insubstantial wisps
  Menkaure (D:6)
  A spatial vortex (Orc:4)
  2 soldier ants
  4 wargs
  22 vampire mosquitoes
  2 hell hounds (Elf:1)
  6 mottled dragons
  22 swamp worms
  52 orc warriors
  8 porcupines
  22 water moccasins
  15 wolves
  9 ice beasts
  A soldier ant (shapeshifter) (Vaults:5)
  62 nagas
  7 neqoxecs (Pan)
  7 small abominations
  62 ogres
  12 wasps
  8 phantoms
  A water moccasin (shapeshifter) (Vaults:5)
  A black bear (shapeshifter) (Vaults:3)
  A deep troll skeleton (Crypt:2)
  A snapping turtle zombie (Crypt:3)
  12 swamp drakes
  A spiny frog skeleton (Crypt:3)
  A wasp (shapeshifter) (Vaults:5)
  4 sky beasts
  14 boggarts
  5 swamp dragon zombies (Swamp:4)
  An ice beast (shapeshifter) (Vaults:5)
  8 necrophages
  24 centaurs
  An elf simulacrum (Zig:14)
  6 eyes of draining
  A swamp dragon skeleton (Crypt:2)
  16 crocodiles
  A slave (D:9)
  A manticore skeleton (Crypt:2)
  30 large abominations
  5 big kobolds
  4 elf zombies
  23 giant frogs
  A warg zombie (Crypt:1)
  3 scorpions
  A water moccasin skeleton (D:8)
  6 killer bees (D:12)
  2 spriggan skeletons
  6 electric eels
  10 wights
  2 vampire bats (Lair:3)
  A yak skeleton (Crypt:2)
  4 hounds
  4 starcursed masses (Abyss:2)
  7 crimson imps
  4 centaur zombies
  6 lava snakes (Volcano)
  A giant frog zombie (D:9)
  3 quasits
  3 giant frog skeletons
  A wasp zombie (Crypt:2)
  A black bear zombie (Crypt:1)
  Crazy Yiuf (D:2)
  2 human zombies (Ossuary)
  20 jellies
  35 orc priests
  2 spectral swamp drakes (Swamp:4)
  12 worker ants
  Terence (D:2)
  A human skeleton (Tomb:1)
  3 iron imps
  6 iguanas
  52 orc wizards
  A lightning spire (Zig:13)
  19 sheep
  A big kobold zombie (Ossuary)
  3 hound zombies
  2 ogre skeletons (Crypt:3)
  A naga skeleton (Crypt:2)
  75 mummies
  A hound skeleton (D:8)
  Robin (D:3)
  26 river rats
  2 worker ant zombies
  A swamp drake zombie (Swamp:4)
  14 adders
  10 gnolls
  6 shadow imps
  11 white imps
  8 ufetubi
  3 adder zombies (Ossuary)
  8 oozes
  An ooze (shapeshifter) (D:2)
  3 worms
  A worm (shapeshifter) (Vaults:5)
  3 adder skeletons
  6 giant geckos
  289 orcs
  A ball python (Lair:3)
  6 giant cockroaches
  A gnoll zombie (Ossuary)
  10 goblins
  8 hobgoblins
  A jackal (shapeshifter) (Vaults:5)
  16 jackals
  27 kobolds
  4 quokkas
  12 bats
  7 giant newts
  A goblin zombie (D:4)
  5 hobgoblin zombies (Ossuary)
  7 jackal zombies (Ossuary)
  5 kobold zombies
  2 orc zombies
  6 quokka zombies
  10 rats
  3 rat zombies (Ossuary)
  6 crawling corpses
  2 fire vortices (Vaults:5)
  9 fungi
  A lurking horror (Abyss:3)
  5 pillars of salt
  A plant (Zig:18)
  A starspawn tentacle (Abyss:1)
3593 creatures vanquished.

Vanquished Creatures (collateral kills)
  Dissolution (Slime:3)
  An ancient lich (Tomb:3)
  Gastronok (D:8)
  A tengu reaver (Vaults:5)
  A shadow dragon (Vaults:5)
  Kirke (Lair:6)
  2 greater nagas
  A vault warden (Vaults:1)
  A deep elf sorcerer (Elf:2)
  A ghost moth (Zig:14)
  A cacodemon (Pan)
  An ironheart preserver (Vaults:1)
  A war gargoyle (Vaults:5)
  A mummy priest (Tomb:2)
  The ghost of urechis the Grappler, a powerful TrMo (Lair:6)
  A vault guard (Vaults:5)
  A small abomination (Vaults:5)
  2 naga warriors
  A monstrous demonspawn (Pan)
  An alligator (Swamp:3)
  A hydra (Swamp:3)
  A centaur warrior (Vaults:1)
  A dancing weapon (Elf:2)
  3 anacondas
  2 naga sharpshooters
  2 ogre magi
  2 deep elf knights (Elf:1)
  3 shock serpents
  2 sea snakes (Snake:1)
  A deep troll (Vaults:1)
  2 deep elf summoners (Elf:2)
  2 naga ritualists
  A torturous demonspawn (Pan)
  3 lindwurms (D:9)
  2 mana vipers
  An ironbrand convoker (Vaults:1)
  A flayed ghost (Vaults:1)
  6 deep elf conjurers
  12 black mambas
  A sixfirhy (Pan)
  3 guardian serpents
  2 salamanders (Snake:3)
  7 elephants (Lair:6)
  The ghost of asdu the Cudgeler, an experienced CeBe of Trog (D:8)
  2 hellions (Pan)
  3 spiny frogs (Lair:6)
  A smoke demon (Pan)
  A yaktaur (Vaults:5)
  An orange demon (Pan)
  8 naga magi
  A komodo dragon (shapeshifter) (Depths:2)
  A hellwing (Pan)
  An efreet (Pan)
  A red devil (Pan)
  3 deep elf priests
  A troll (Vaults:5)
  A freezing wraith (Vaults:5)
  A two-headed ogre (Vaults:5)
  A large abomination (Pan)
  A ynoxinul (Pan)
  6 deep elf magi
  2 spriggans
  A hungry ghost (D:9)
  3 hogs (Lair:6)
  A yak (Lair:8)
  4 neqoxecs (Pan)
  3 insubstantial wisps (Swamp:3)
  4 deep elf fighters
  12 nagas
  3 wolves
  2 wasps (Zig:12)
  2 orc warriors
  2 ice beasts (D:13)
  2 giant frogs
  3 wights (D:11)
  An iron imp (D:9)
  3 electric eels (Snake:1)
  2 orc priests
  An orc wizard (D:9)
  An iguana (Lair:6)
  A gnoll (D:5)
  5 orcs
  A ball python (Lair:3)
177 creatures vanquished.

Vanquished Creatures (others)
  A lich (Tomb:2)
  A greater naga (Snake:4)
  An eldritch tentacle (Crypt:2)
  A fire giant (Depths:3)
  A vampire knight (Vaults:3)
  A blood saint (Pan)
  A yaktaur captain (Vaults:5)
  A hydra (Zig:7)
  An alligator (Zig:12)
  A deep elf knight (Elf:1)
  4 death scarabs (Tomb:2)
  An anubis guard (Tomb:3)
  2 oklob plants (Zig:18)
  A griffon (D:13)
  A naga mage (Snake:4)
  A vault sentinel (Vaults:1)
  An ushabti (Tomb:3)
  A fire dragon zombie (Tomb:2)
  A shadow (Zig:12)
  An ettin skeleton (Tomb:3)
  A deep elf mage (Elf:2)
  An insubstantial wisp (Zig:18)
  2 nagas
  2 ogres
  2 orc warriors (D:9)
  2 slaves (D:9)
  A wasp (Swamp:3)
  A boggart (Depths:2)
  A centaur (D:13)
  An orc wizard (Orc:4)
  A mummy (Tomb:1)
  An adder (D:2)
  2 ufetubi (IceCv)
  8 orcs
  A goblin (D:2)
  2 kobolds (D:2)
  A crawling corpse (Elf:2)
  112 eldritch tentacle segments (Crypt:2)
  A fire vortex (D:7)
  9 fungi
  11 lost souls
  6 pillars of salt
  16 plants
  3 starspawn tentacles
  A starspawn tentacle segment (Abyss:1)
213 creatures vanquished.

Grand Total: 3983 creatures vanquished

Action                   |  1- 3 |  4- 6 |  7- 9 | 10-12 | 13-15 | 16-18 | 19-21 | 22-24 | 25-27 || total
-------------------------+-------+-------+-------+-------+-------+-------+-------+-------+-------++-------
Melee: Mace              |    85 |    40 |       |       |       |       |       |       |       ||   125
       Quarterstaff      |       |   182 |   402 |   783 |  1464 |       |       |       |       ||  2831
       Battleaxe         |       |       |       |       |   682 |  2130 |  1850 |  1592 |       ||  6254
       Executioner's axe |       |       |       |       |       |       |       |    88 |  2051 ||  2139
 Fire: Blowgun           |       |       |       |       |     5 |    26 |     3 |     6 |       ||    40
 Cast: Recall            |       |       |       |       |       |     2 |       |       |       ||     2
       Apportation       |       |       |       |       |       |     1 |     2 |       |     1 ||     4
       Blink             |       |       |       |       |       |     1 |       |       |       ||     1
       Phase Shift       |       |       |       |       |       |       |       |       |    11 ||    11
Invok: Recite            |       |       |       |       |     1 |    78 |    80 |    51 |       ||   210
       Vitalisation      |       |       |       |       |       |     2 |       |       |       ||     2
       Cleansing Flame   |       |       |       |       |       |       |       |       |    83 ||    83
       Summon Divine War |       |       |       |       |       |       |       |       |     6 ||     6
       Divine Shield     |       |       |       |       |       |       |       |       |     5 ||     5
 Abil: Evoke Flight      |       |       |     1 |       |       |       |       |       |       ||     1
       Breathe Frost     |       |       |     1 |     3 |    17 |     6 |       |    10 |       ||    37
       Evoke Teleportati |       |       |       |       |       |       |    14 |       |       ||    14
Evoke: Deck              |       |       |     1 |     7 |    14 |     6 |       |     9 |    29 ||    66
       Phantom mirror    |       |       |       |     1 |       |       |       |       |       ||     1
       Wand              |       |       |       |       |    15 |    13 |     7 |     1 |     1 ||    37
       Phial of floods   |       |       |       |       |     3 |     4 |     1 |     1 |     6 ||    15
       Fan of gales      |       |       |       |       |       |     2 |     1 |       |     1 ||     4
       Lamp of fire      |       |       |       |       |       |       |     3 |     1 |     6 ||    10
  Use: Scroll            |       |       |    24 |    13 |    22 |    12 |    20 |     5 |    79 ||   175
       Potion            |       |       |     3 |     5 |     5 |    18 |    10 |     5 |    29 ||    75
 Stab: Paralysed         |       |     6 |     6 |    12 |    37 |    15 |    26 |     3 |       ||   105
       Invisible         |       |     5 |       |     7 |    15 |     1 |    11 |    20 |       ||    59
       Confused          |       |     4 |     2 |     5 |    19 |    95 |    91 |    67 |     2 ||   285
       Distracted        |       |       |     1 |     2 |     6 |    13 |     3 |       |     1 ||    26
       Petrifying        |       |       |     1 |     4 |     9 |       |       |       |       ||    14
       Sleeping          |       |       |       |     5 |     8 |     5 |     3 |       |       ||    21
       Petrified         |       |       |       |     3 |     7 |       |       |       |       ||    10
       Held in net/web   |       |       |       |       |       |       |       |     1 |       ||     1
  Eat: Chunk             |     1 |    14 |     9 |    26 |    59 |    10 |     5 |       |    33 ||   157
       Meat ration       |       |       |     3 |       |     1 |     1 |       |     1 |     1 ||     7
       Beef jerky        |       |       |       |     3 |     1 |       |       |     1 |     1 ||     6
       Fruit             |       |       |       |       |     4 |     6 |     4 |     3 |     3 ||    20
       Bread ration      |       |       |       |       |     1 |     9 |     6 |     5 |     6 ||    27
       Pizza             |       |       |       |       |       |     2 |     3 |       |       ||     5
       Royal jelly       |       |       |       |       |       |       |       |     3 |     5 ||     8

Vault maps used:
D:1:      kilobyte_arrival_exit_the_forest, tso_altar
D:2:      grunt_temple_overflow_holy_war, okawaru_metal_pillars_1_2,
          elyvilon_altar_3, first_bread, ecumenical_altar_2,
          lemuel_flame_loot_1, uniq_terence, uniq_crazy_yiuf_cottage
D:3:      nicolae_dithmenos_shadow_blocks, uniq_jessica, uniq_robin
D:4:      nicolae_ossuary_entry_giza
D:5:      trog_eyes_of_draining, hangedman_decor_peaks_small,
          serial_park_tiny_2, uniq_prince_ribbit1
D:6:      gup_sewer_entry_bowl, uniq_menkaure
D:7:      lemuel_coloured_pillars_altar, nicolae_overflow_hidden_temple,
          temple_statues
D:8:      mumra_celtic_spiral_tile, grunt_temple_overflow_opulence,
          serial_shops, shop, serial_bayou_crossing, uniq_gastronok
D:9:      old_standard_altar, hiddenorc2_lemuel, serial_shops, shop,
          hangedman_little_slice_of_home, minmay_lindwurm_lava, uniq_pikel
D:10:     grunt_decor_resistance
D:11:     lair_0_dummy, grunt_gozag_statues, uniq_maud
D:12:     uniq_nergalle
D:13:     minmay_ornate_pinched, portal_ice_cave_entry_ice_beasts, serial_shops,
          kennysheep_little_box, shop, nicolae_shop_overgrown_old_shop,
          nicolae_shop_window_shopping, shop
D:14:     david_vaults_1, minmay_large_rounded_square
D:15:     hangedman_depths_entry_try_elsewhere_first, minmay_misc_feat_alley,
          nicolae_ru_the_path_less_chosen
Temple:   temple_eino_lava_8
Lair:2:   serial_bayou_pond_c
Lair:3:   minmay_snake_entry_six_corridors, nicolae_quartered_pool_super,
          roderic_batcave, st_stairs_5
Lair:4:   nicolae_swamp_entry_splash_gauntlet, nicolae_volcano_entry_vermiform,
          beast_lair_carwin_8
Lair:5:   serial_forest, infiniplex_forest_straight_2,
          infiniplex_forest_lined_room_, infiniplex_forest_clump_tiny,
          infiniplex_forest_zigzag_1, infiniplex_forest_clump_diagonal,
          infiniplex_forest_lined_1, infiniplex_forest_lined_room_3,
          minivault_26, lemuel_fruit_tree
Lair:6:   beast_lair_carwin_large_4, nicolae_slime_entry_slimehenge,
          grunt_megastairs_4, uniq_kirke
Lair:7:   nicolae_quartered_pool_little, st_stairs_11, lemuel_fruit_fields
Lair:8:   evilmike_catoblepas_cave, basic_altar
Swamp:1:  evilmike_swamp_ruin_rubble_1, infiniplex_staircase_pool
Swamp:2:  serial_swamp_ruin, evilmike_swamp_ruin_house_1,
          evilmike_swamp_ruin_house_5, hangedman_swamp_blocks, uniq_louise,
          uniq_aizul
Swamp:3:  evilmike_swamp_ruin_house_4, swamp_pool1, uniq_donald
Swamp:4:  swamp_pestilence
Snake:1:  serial_bayou_pond_b, serial_bayou_lagoon_b
Snake:3:  st_stairs_12, uniq_asterion
Snake:4:  minmay_snake_end_coiled
Slime:3:  uniq_dissolution
Orc:1:    uniq_urug
Orc:3:    nicolae_orc_pool_cavern, uniq_sonja
Orc:4:    grunt_orc_tribal_feast, lemuel_statue_altar
Elf:1:    serial_shops, shop, minmay_elf_necromancy, minmay_misc_feat_columns,
          lemuel_flamethrower_hall, uniq_azrael
Elf:2:    serial_co_window_serial, co_window_corner_a,
          co_window_of_opportunity_a, co_window_paths_b, co_window_paths_a,
          co_window_of_opportunity_a, co_window_paths_b, glass_columns_b,
          glass_columns_b, glass_columns_b, glass_columns_b
Elf:3:    minmay_elf_hall, hex_large, minivault_23, st_stairs_11
Vaults:1: ontoclasm_vaults_ring_large, v_pattern_2,
          vaults_room_grunt_arrival_ludios, dpeg_vaults_monster_box, v_misc_1,
          grunt_vaults_swirl, nicolae_vaults_asterisk, ontoclasm_vaults_chip,
          grunt_vaults_hallway_long, serial_shops, shop
Vaults:2: hangedman_vaults_maws, v_misc_1, nicolae_vaults_ninety_degrees,
          hangedman_vaults_capsules, v_alt_pattern_2, grunt_vaults_bifocal,
          vaults_mumra_lcd, nicolae_vaults_border_crossing, vaults_room_pool,
          ontoclasm_vaults_decontamination, uniq_wiglaf
Vaults:3: grunt_vaults_twisty, nicolae_vaults_disjoint_gnomons,
          minmay_crypt_entry_vampire_xt, hangedman_vaults_stream,
          hangedman_vaults_cutoff, v_misc_5, v_misc_33,
          hangedman_vaults_stretched_pinwheel, ontoclasm_vaults_twist,
          nicolae_vaults_little_squares_4
Vaults:4: hangedman_vaults_pinch, nicolae_vaults_ring_of_whatevers,
          nicolae_vaults_what_the_h, vaults_standard_mumra_enter_the_diamond,
          vaults_room_door_ring, nicolae_vaults_theta, hangedman_vaults_trim,
          hangedman_vaults_locks, vaults_standard_mumra_lines,
          vaults_room_door_ring, vaults_room_grid, ontoclasm_vaults_hangar
Vaults:5: uniq_saint_roka
Crypt:1:  grunt_ministairs_3, wad_floor_pattern_2
Crypt:2:  nicolae_crypt_soggy_tomb, nicolae_crypt_ancient_font
Crypt:3:  cryptofortress_bobbens
Depths:1: hell_entry, kennysheep_cross_room, abyss_entry, tgw_xom
Depths:2: evilmike_iron_armoury, enter_ziggurat_d,
          pf_vacation_house_of_asmodeus, mu_enter_wizlab_5, wad_rectangle_vault,
          uniq_mara
Depths:3: hangedman_arch_fort, minmay_misc_feat_secret_circle, abyss_entry,
          hell_entry, rand_demon_pan_entry_4
Depths:4: dpeg_oklob_gauntlet, hellmouth_1, serial_shops, nicolae_shop_trees,
          pan_entry, abyss_entry_small_statue_room, uniq_mennas
Depths:5: evilmike_zot_entry_gauntlet, abyss_entry,
          serial_sigils_hangedman_shear, hell_entry, minmay_misc_feat_ornament,
          grunt_megastairs_2
Abyss:1:  due_exit_kobolds
Abyss:3:  grunt_abyss_rune_the_horror, evilmike_abyss_exit_14,
          hangedman_classic_abyss_death
Pan:      grunt_pan_zigzag, nicolae_pan_mnolegish_1, reaverb_pan_chaos_star,
          lemuel_hellion_island, nicolae_pan_sick_transit,
          nicolae_pan_mnolegish_1, evilmike_mini_pan_diamond,
          pan_blood_fountain_small, pan_captured_pigsty,
          evilmike_mini_pan_murderfest, evilmike_mini_pan_pillars,
          grunt_pan_in_and_out, pan_blood_fountain, evilmike_mini_pan_layers,
          rand_demon_6, nicolae_pan_strange_glyphs, nicolae_pan_sigil_nadil,
          grunt_pan_zigzag, enter_ziggurat_pan_b, nicolae_pan_sigil_uleosi
Zig:8:    ziggurat_pillar_centre_dead_trees
Zig:14:   ziggurat_pillar_centre_c
Zig:16:   ziggurat_pillar_centre_smoke
Zig:18:   ziggurat_pillar_centre_oklobs
Sewer:    sewer_kobolds
Ossuary:  minmay_ossuary_two_tombs
IceCv:    ice_cave_small_demon
Volcano:  volcano_grotto
WizLab:   wizlab_wucad
